 Dungeon Crawl Stone Soup version 0.25.1-2-g60ff931df9 (webtiles) character file.

Game seed: 18188767923041205336

743 sankara the Ruffian (level 7, -1/71 HPs)
             Began as an Ogre Transmuter on Sept 8, 2020.
             Killed from afar by an orc wizard (5 damage)
             ... with a magic dart
             ... on level 5 of the Dungeon.
             The game lasted 00:12:28 (5313 turns).

sankara the Ruffian (Ogre Transmuter)               Turns: 5313, Time: 00:12:28

Health: -1/71      AC:  2    Str: 15    XL:     7   Next: 76%
Magic:  8/11       EV: 21    Int: 14    God:
Gold:   270        SH:  0    Dex: 22    Spells: 6/12 levels left

rFire    + . .     SeeInvis .     - Unarmed
rCold    + . .     Gourm    .   (shield currently unavailable)
rNeg     . . .     Faith    .   (armour currently unavailable)
rPois    .         Spirit   .   (helmet currently unavailable)
rElec    +         Reflect  .   (cloak currently unavailable)
rCorr    +         Harm     .   (gloves unavailable)
MR       .....                  (boots unavailable)
Stlth    ++........             (no amulet)
HPRegen  0.21/turn              (no ring)
MPRegen  0.12/turn              q - +6 ring of dexterity

@: spider-form (expiring), resistant
A: tiny, unfitting armour
a: End Transformation


You were on level 5 of the Dungeon.
You were hungry.
You were a venomous arachnid creature.
You visited 1 branch of the dungeon, and saw 5 of its levels.

You collected 270 gold pieces.

Inventory:

Missiles
 a - 12 arrows
 c - 4 boomerangs (quivered)
 g - 2 atropa-tipped darts
 h - 30 sling bullets
 j - 141 stones
 l - 26 poisoned darts
 p - 2 javelins
 r - 2 curare-tipped darts
Armour
 b - a +0 robe (melded)
Jewellery
 q - a +6 ring of dexterity (right front leg)
 t - an uncursed ring of stealth {unknown}
Scrolls
 e - 7 scrolls of identify
 i - 4 scrolls of teleportation
 k - 3 scrolls of remove curse
 m - 2 scrolls of amnesia {unknown}
 w - a scroll of fear {unknown}
Potions
 f - 2 potions of curing
 n - a potion of mutation {unknown}
 o - a potion of resistance
 s - a potion of flight {unknown}
 v - a potion of brilliance {unknown}
Comestibles
 d - 10 rations


   Skills:
 + Level 4.7 Fighting
 - Level 3.0 Dodging
 * Level 5.2 Unarmed Combat
 - Level 3.0 Spellcasting
 + Level 3.5 Transmutations
 + Level 2.5 Poison Magic


You had 6 spell levels left.
You knew the following spells:

 Your Spells              Type           Power        Failure   Level  Hunger
a - Beastly Appendage     Tmut           ##....       14%         1    #......
b - Sticks to Snakes      Tmut           ##......     21%         2    ##.....
c - Spider Form           Tmut/Pois      ##........   38%         3    ###....

Your spell library contained the following spells:

 Spells                   Type           Power        Failure   Level  Hunger
 Ice Form                 Ice/Tmut       #.......     87%         4    #####..
 Blade Hands              Tmut           ##........   92%         5    ######.


Dungeon Overview and Level Annotations

Branches:
Dungeon (5/15)
 Temple: D:4-7

Altars:
Cheibriados
Dithmenos
Elyvilon
Kikubaaqudgha
Qazlal
Trog
Uskayaw
Vehumet
Wu Jian
The Shining One


Innate Abilities, Weirdness & Mutations

You are too large for most types of armour.
((You have tough skin. (AC +1)))


Message History

The magic dart hits you. The leopard gecko barely misses you.
The gnoll hits you with a +0 club.
* * * LOW HITPOINT WARNING * * *
The leopard gecko bites you.
* * * LOW HITPOINT WARNING * * *
Casting: Spider Form (dangerous; 19% risk of failure)
Confirm with . or Enter, or press ? or * to list all spells.
You turn into a venomous arachnid creature.
Your +0 robe melds into your body.
The gnoll hits you with a +0 flail!
* * * LOW HITPOINT WARNING * * *
The leopard gecko barely misses you.
Your transformation is almost over.
It was a potion of resistance.
You feel protected.
The leopard gecko bites you but does no damage.
The gnoll closely misses you. The leopard gecko misses you.
You hear some strange, mumbled words.
A magic dart appears from out of thin air!
The magic dart hits you.
You die...

..# #.###########.. ..#
#.#.......# ..# ... ..#
#.#.......# ....##....... ###
#.#..# #..# .............
###'#..# #..# #...........
#......#+#..# #...........
#..........## #...........
#.....#....#########...........
#.....##.#....slggo............
#..............{.go............
#................o..####....†..
#...................# #......)
#...................# #.......
#...................# #.......
.............................##
...............#.............#
.....#.........#.............#


You could see 3 gnolls, 3 orcs and a leopard gecko.

Vanquished Creatures
  A phantom (D:4)
  2 ogres
  A crimson imp (D:5)
  3 hounds (D:4)
  An orc priest (D:5)
  An iguana (D:5)
  4 worker ants
  A hound zombie (D:5)
  Robin (D:3)
  A howler monkey skeleton (D:5)
  A gnoll (D:5)
  6 adders
  2 oozes
  2 worms
  2 dart slugs
  A leopard gecko (D:2)
  3 orcs (D:4)
  3 ball pythons
  2 giant cockroaches
  14 goblins
  10 hobgoblins
  9 jackals
  8 kobolds
  2 quokkas (D:3)
  10 bats
  5 frilled lizards
  A jackal skeleton (D:4)
  A quokka skeleton (D:4)
  8 rats
106 creatures vanquished.

Notes
Turn   | Place    | Note
-------+----------+-------------------------------------------
     0 | D:1      | sankara the Ogre Transmuter began the quest for the Orb.
     0 | D:1      | Reached XP level 1. HP: 19/19 MP: 3/3
   177 | D:1      | Reached XP level 2. HP: 28/28 MP: 2/5
   181 | D:1      | Learned a level 2 spell: Sticks to Snakes
   407 | D:1      | Reached skill level 3 in Unarmed Combat
   692 | D:1      | Reached XP level 3. HP: 35/35 MP: 5/7
   963 | D:1      | Learned a level 3 spell: Spider Form
  1574 | D:2      | Found a snail-covered altar of Cheibriados.
  1581 | D:2      | Found a bloodstained altar of Trog.
  1700 | D:2      | Found an ancient bone altar of Kikubaaqudgha.
  1700 | D:2      | Found a white marble altar of Elyvilon.
  1868 | D:2      | Found a hide-covered altar of Uskayaw.
  1869 | D:2      | Found a glowing golden altar of the Shining One.
  1869 | D:2      | Found an ornate altar of the Wu Jian Council.
  1870 | D:2      | Found a shadowy altar of Dithmenos.
  1872 | D:2      | Found a stormy altar of Qazlal.
  1873 | D:2      | Found a radiant altar of Vehumet.
  2085 | D:2      | Reached XP level 4. HP: 20/42 MP: 8/8
  3118 | D:3      | Noticed Robin
  3135 | D:3      | Killed Robin
  3149 | D:3      | Reached XP level 5. HP: 51/52 MP: 3/9
  3661 | D:4      | Noticed a phantom
  3908 | D:4      | Reached skill level 1 in Poison Magic
  3912 | D:4      | Killed a phantom
  3912 | D:4      | Reached skill level 4 in Unarmed Combat
  3912 | D:4      | Reached XP level 6. HP: 15/61 MP: 7/10
  4214 | D:4      | Reached XP level 7. HP: 11/70 MP: 6/11
  4954 | D:5      | Entered Level 5 of the Dungeon
  4984 | D:5      | Reached skill level 5 in Unarmed Combat
  5308 | D:5      | HP: 3/71 [gnoll/+0 flail (17)]
  5313 | D:5      | Killed from afar by an orc wizard

Illustrated notes

Levels and vault maps discovered:
D:1:      tarquinn_simple_flora_water_e, layout_loops_corners,
          minmay_misc_feat_cross, corner_web_ring
D:2:      cheibrodos_helix_gallery, layout_basic, lemuel_crystal_altar,
          minitemple, trog_book
D:3:      layout_basic, first_ration, corexii_item_surrounded_by_moat,
          uniq_robin
D:4:      layout_rooms, minmay_close_crescents
D:5:      layout_basic, kennysheep_mini_moat, serial_shops, nicolae_shop_trees

Skill      XL: |  1  2  3  4  5  6  7 |
---------------+----------------------+-----
Unarmed Combat | 3 4 5 |  5.2
Transmutations | 2 3 |  3.5
Dodging        | 2 3 |  3.0
Fighting       | 2 3 4 |  4.7
Spellcasting   | 3 |  3.0
Poison Magic   | 1 2 |  2.5

Action                   |  1- 3 |  4- 6 |  7- 9 || total
-------------------------+-------+-------+-------++-------
Melee: Unarmed           |   132 |   158 |    57 ||   347
       Kick              |    14 |     9 |       ||    23
       Punch             |     1 |     2 |       ||     3
       Headbutt          |     3 |    13 |       ||    16
Throw: Boomerang         |       |     4 |       ||     4
 Cast: Beastly Appendage |    28 |    24 |       ||    52
       Spider Form       |       |     6 |    11 ||    17
  Use: Scroll            |       |     4 |       ||     4
       Potion            |       |     1 |     1 ||     2
 Stab: Sleeping          |       |       |     1 ||     1
  Eat: Chunk             |     4 |     7 |     5 ||    16
Armor: Robe              |    45 |    28 |       ||    73
       Skin              |       |     1 |     4 ||     5
Dodge: Dodged            |    68 |    99 |    82 ||   249
